| TOP OF THE 1ST |
|
Cincinnati (NYP) Reds batting - Pitching for Auburn Doubledays : RHP Josh Wellman
|
|
Pitching: RHP Josh Wellman
|
|
|
Batting: RHB Eric Sullivan
|
0-0: Ball 1-0: Ball 2-0: Called Strike 2-1: Called Strike 2-2: Strikes out swinging
|
|
Batting: RHB John Galluzzo
|
0-0: Called Strike 0-1: Called Strike 0-2: Ground out U3 (Groundball, 34S, EV 90.0 MPH)
|
|
Batting: RHB Pat McCoy
|
0-0: Ball 1-0: Swinging Strike 1-1: Foul Ball, location: 2F 1-2: Strikes out swinging
|
| Top of the 1st over - 0 runs, 0 hits, 0 errors, 0 left on base; Cincinnati (NYP) 0 - Auburn 0 |
| BOTTOM OF THE 1ST |
|
Auburn Doubledays batting - Pitching for Cincinnati (NYP) Reds : LHP Jesus Perez
|
|
Pitching: LHP Jesus Perez
|
|
|
Batting: RHB Leo Gutierrez
|
0-0: Swinging Strike 0-1: Ball 1-1: Ball 2-1: Ground out U3 (Groundball, 3, EV 86.9 MPH)
|
|
Batting: RHB Gabe Almazan
|
0-0: Called Strike 0-1: Foul Ball, location: 2F 0-2: SINGLE (Groundball, 4M, EV 104.4 MPH) (infield hit)
|
|
Batting: RHB Deshawn Boseman
|
0-0: Ball 1-0: Called Strike 1-1: Ball 2-1: Ball 3-1: SINGLE (Groundball, 6S, EV 70.0 MPH) (infield hit) Gabe Almazan to second
|
|
Batting: RHB Antonio Vallez
|
0-0: Ball 1-0: Called Strike 1-1: Ball 2-1: DOUBLE (Line Drive, 89D, EV 111.9 MPH) Gabe Almazan scores Deshawn Boseman to third
|
|
Batting: SHB Curtis DeLille
|
0-0: Foul Ball, location: 2F 0-1: 3-RUN HOME RUN (Flyball, 78XD, EV 115.6 MPH), Distance : 445 ft
|
|
Batting: RHB Scott Skoglund
|
0-0: Called Strike 0-1: Ball 1-1: Ball 2-1: Foul Ball, location: 2F 2-2: Foul Ball, location: 2F 2-2: Strikes out swinging
|
|
Batting: LHB Elias Posada
|
0-0: Called Strike 0-1: Foul Ball, location: 2F 0-2: Strikes out swinging
|
| Bottom of the 1st over - 4 runs, 4 hits, 0 errors, 0 left on base; Cincinnati (NYP) 0 - Auburn 4 |
| TOP OF THE 2ND |
|
Cincinnati (NYP) Reds batting - Pitching for Auburn Doubledays : RHP Josh Wellman
|
|
Batting: RHB Jonathan Robies
|
0-0: Foul Ball, location: 2F 0-1: Ball 1-1: Called Strike 1-2: Ball 2-2: Foul Ball, location: 2F 2-2: Ball 3-2: Base on Balls
|
|
Batting: LHB Steven Wamble
|
0-0: DOUBLE (Flyball, 8LXD, EV 103.1 MPH) Jonathan Robies to third
|
|
Batting: SHB Jaivata Mohanty
|
0-0: Ball 1-0: Called Strike 1-1: Ground out U3 (Groundball, 3L, EV 88.8 MPH)
|
|
Batting: RHB Dave Ruiz
|
0-0: Ball 1-0: Foul Ball, location: 2F 1-1: Called Strike 1-2: Strikes out swinging
|
|
Batting: RHB Kevin Larsen
|
0-0: Called Strike 0-1: SINGLE (Line Drive, 9LS, EV 93.1 MPH) Jonathan Robies scores Steven Wamble to third
|
|
Batting: RHB Pat Mage
|
0-0: Ball Kevin Larsen steals 2nd base 1-0: Reached on error, E4 (Groundball, 4M, EV 96.2 MPH) Steven Wamble scores Kevin Larsen scores
|
|
Batting: RHB Eric Sullivan
|
0-0: Called Strike 0-1: Ground out 4-3 (Groundball, 34, EV 98.8 MPH)
|
| Top of the 2nd over - 3 runs, 2 hits, 1 error, 1 left on base; Cincinnati (NYP) 3 - Auburn 4 |
| BOTTOM OF THE 2ND |
|
Auburn Doubledays batting - Pitching for Cincinnati (NYP) Reds : LHP Jesus Perez
|
|
Batting: LHB Adam Jacobs
|
0-0: Ball 1-0: Ground out 1-3 (Groundball, 25, EV 67.5 MPH)
|
|
Batting: LHB Yoshiya Kurokawa
|
0-0: Ball 1-0: Swinging Strike 1-1: Foul Ball, location: 2F 1-2: Ground out 5-3 (Groundball, 56, EV 85.0 MPH)
|
|
Batting: RHB Leo Gutierrez
|
0-0: Ball 1-0: Ball 2-0: Called Strike 2-1: Called Strike 2-2: Strikes out swinging
|
| Bottom of the 2nd over - 0 runs, 0 hits, 0 errors, 0 left on base; Cincinnati (NYP) 3 - Auburn 4 |
| TOP OF THE 3RD |
|
Cincinnati (NYP) Reds batting - Pitching for Auburn Doubledays : RHP Josh Wellman
|
|
Batting: RHB John Galluzzo
|
0-0: Ball 1-0: Called Strike 1-1: Ball 2-1: Foul Ball, location: 2F 2-2: Reached on error, E6 (Groundball, 56, EV 80.6 MPH)
|
|
Batting: RHB Pat McCoy
|
0-0: Ball 1-0: Swinging Strike 1-1: Foul Ball, location: 2F 1-2: Foul Ball, location: 2F 1-2: Strikes out looking
|
|
Batting: RHB Jonathan Robies
|
0-0: Foul Ball, location: 2F 0-1: Swinging Strike 0-2: Strikes out looking
|
|
Batting: LHB Steven Wamble
|
0-0: Foul Ball, location: 2F 0-1: Swinging Strike 0-2: Ball 1-2: Strikes out swinging
|
| Top of the 3rd over - 0 runs, 0 hits, 1 error, 1 left on base; Cincinnati (NYP) 3 - Auburn 4 |
| BOTTOM OF THE 3RD |
|
Auburn Doubledays batting - Pitching for Cincinnati (NYP) Reds : LHP Jesus Perez
|
|
Batting: RHB Gabe Almazan
|
0-0: Ball 1-0: Ball 2-0: Swinging Strike 2-1: Called Strike 2-2: Ball 3-2: Strikes out looking
|
|
Batting: RHB Deshawn Boseman
|
0-0: Ball 1-0: Called Strike 1-1: Ball 2-1: Ball 3-1: Foul Ball, location: 2F 3-2: Strikes out swinging, 2-3 out at first.
|
|
Batting: RHB Antonio Vallez
|
0-0: Foul Ball, location: 2F 0-1: Ground out 4-3 (Groundball, 4S, EV 81.2 MPH)
|
| Bottom of the 3rd over - 0 runs, 0 hits, 0 errors, 0 left on base; Cincinnati (NYP) 3 - Auburn 4 |
| TOP OF THE 4TH |
|
Cincinnati (NYP) Reds batting - Pitching for Auburn Doubledays : RHP Josh Wellman
|
|
Batting: SHB Jaivata Mohanty
|
0-0: Foul Ball, location: 2F 0-1: Ball 1-1: Called Strike 1-2: Strikes out swinging
|
|
Batting: RHB Dave Ruiz
|
0-0: Ball 1-0: Ground out 6-3 (Groundball, 6, EV 108.1 MPH)
|
|
Batting: RHB Kevin Larsen
|
0-0: Ball 1-0: Ground out 4-3 (Groundball, 4, EV 85.0 MPH)
|
| Top of the 4th over - 0 runs, 0 hits, 0 errors, 0 left on base; Cincinnati (NYP) 3 - Auburn 4 |
| BOTTOM OF THE 4TH |
|
Auburn Doubledays batting - Pitching for Cincinnati (NYP) Reds : LHP Jesus Perez
|
|
Batting: SHB Curtis DeLille
|
0-0: Called Strike 0-1: Ball 1-1: Ground out U3 (Groundball, 23, EV 90.0 MPH)
|
|
Batting: RHB Scott Skoglund
|
0-0: Called Strike 0-1: Ball 1-1: Ball 2-1: Swinging Strike 2-2: Strikes out swinging
|
|
Batting: LHB Elias Posada
|
0-0: Called Strike 0-1: Ball 1-1: SINGLE (Line Drive, 7LS, EV 106.9 MPH)
|
|
Batting: LHB Adam Jacobs
|
0-0: Called Strike 0-1: Ball 1-1: Ball 2-1: Foul Ball, location: 2F 2-2: Ground out 1-3 (Groundball, 34S, EV 65.0 MPH)
|
| Bottom of the 4th over - 0 runs, 1 hit, 0 errors, 1 left on base; Cincinnati (NYP) 3 - Auburn 4 |
| TOP OF THE 5TH |
|
Cincinnati (NYP) Reds batting - Pitching for Auburn Doubledays : RHP Josh Wellman
|
|
Batting: RHB Pat Mage
|
0-0: Called Strike 0-1: Ball 1-1: Swinging Strike 1-2: Strikes out swinging
|
|
Batting: RHB Eric Sullivan
|
0-0: Called Strike 0-1: SINGLE (Line Drive, 6M, EV 104.4 MPH)
|
|
Batting: RHB John Galluzzo
|
0-0: Ball 1-0: Ball Wild Pitch! Eric Sullivan to second 2-0: Called Strike 2-1: Ball 3-1: Called Strike 3-2: Base on Balls
|
|
Batting: RHB Pat McCoy
|
0-0: Ball 1-0: Swinging Strike 1-1: Foul Ball, location: 2F 1-2: Ball 2-2: Strikes out swinging
|
|
Batting: RHB Jonathan Robies
|
0-0: Called Strike 0-1: Ball 1-1: Fly out, F9 (Flyball, 89S, EV 94.4 MPH)
|
| Top of the 5th over - 0 runs, 1 hit, 0 errors, 2 left on base; Cincinnati (NYP) 3 - Auburn 4 |
| BOTTOM OF THE 5TH |
|
Auburn Doubledays batting - Pitching for Cincinnati (NYP) Reds : LHP Jesus Perez
|
|
Batting: LHB Yoshiya Kurokawa
|
0-0: Ball 1-0: Called Strike 1-1: Swinging Strike 1-2: Foul Ball, location: 2F 1-2: Foul Ball, location: 2F 1-2: Ball 2-2: Strikes out looking
|
|
Batting: RHB Leo Gutierrez
|
0-0: Ball 1-0: Ball 2-0: Called Strike 2-1: Ground out 5-3 (Groundball, 25, EV 67.5 MPH)
|
|
Batting: RHB Gabe Almazan
|
0-0: Ball 1-0: Ball 2-0: Ball 3-0: Base on Balls
|
|
Batting: RHB Deshawn Boseman
|
0-0: Fly out, F7 (Flyball, 7, EV 86.2 MPH)
|
| Bottom of the 5th over - 0 runs, 0 hits, 0 errors, 1 left on base; Cincinnati (NYP) 3 - Auburn 4 |
| TOP OF THE 6TH |
|
Cincinnati (NYP) Reds batting - Pitching for Auburn Doubledays : RHP Josh Wellman
|
|
Batting: LHB Steven Wamble
|
0-0: SINGLE (Groundball, 56D, EV 103.1 MPH)
|
|
Batting: SHB Jaivata Mohanty
|
0-0: Ball 1-0: Ball 2-0: Called Strike 2-1: Swinging Strike 2-2: Foul Ball, location: 2F 2-2: Strikes out looking
|
|
Pitching: LHP Gregg Huddleston
|
|
|
Batting: RHB Dave Ruiz
|
0-0: Ball 1-0: Fielders Choice at 2nd, 4-6 (Groundball, 34, EV 84.4 MPH)
|
|
Batting: RHB Kevin Larsen
|
0-0: Fielders Choice at 2nd, 6-4 (Groundball, 6, EV 84.4 MPH)
|
| Top of the 6th over - 0 runs, 1 hit, 0 errors, 1 left on base; Cincinnati (NYP) 3 - Auburn 4 |
| BOTTOM OF THE 6TH |
|
Auburn Doubledays batting - Pitching for Cincinnati (NYP) Reds : LHP Jesus Perez
|
|
Batting: RHB Antonio Vallez
|
0-0: Ball 1-0: Ground out 3-1 (Groundball, 34, EV 86.9 MPH)
|
|
Batting: SHB Curtis DeLille
|
0-0: Ball 1-0: Called Strike 1-1: Foul Ball, location: 2F 1-2: Strikes out swinging
|
|
Batting: RHB Scott Skoglund
|
0-0: Called Strike 0-1: Swinging Strike 0-2: Ball 1-2: Strikes out swinging
|
| Bottom of the 6th over - 0 runs, 0 hits, 0 errors, 0 left on base; Cincinnati (NYP) 3 - Auburn 4 |
| TOP OF THE 7TH |
|
Cincinnati (NYP) Reds batting - Pitching for Auburn Doubledays : LHP Gregg Huddleston
|
|
Batting: RHB Pat Mage
|
0-0: Foul Ball, location: 2F 0-1: Ground out 6-3 (Groundball, 6, EV 101.9 MPH)
|
|
Batting: RHB Eric Sullivan
|
0-0: Called Strike 0-1: Swinging Strike 0-2: Fly out, F8 (Line Drive, 8RM, EV 92.5 MPH)
|
|
Batting: RHB John Galluzzo
|
0-0: Called Strike 0-1: Fly out, F8 (Flyball, 8LS, EV 75.6 MPH)
|
| Top of the 7th over - 0 runs, 0 hits, 0 errors, 0 left on base; Cincinnati (NYP) 3 - Auburn 4 |
| BOTTOM OF THE 7TH |
|
Auburn Doubledays batting - Pitching for Cincinnati (NYP) Reds : LHP Jesus Perez
|
|
Batting: LHB Elias Posada
|
0-0: Swinging Strike 0-1: Called Strike 0-2: Ball 1-2: Foul Ball, location: 2F 1-2: Ball 2-2: Strikes out swinging
|
|
Batting: LHB Adam Jacobs
|
0-0: Ball 1-0: Called Strike 1-1: SINGLE (Groundball, 3D, EV 94.4 MPH)
|
|
Batting: LHB Yoshiya Kurokawa
|
0-0: Ball 1-0: Foul Ball, location: 2F 1-1: Called Strike 1-2: Strikes out swinging
|
|
Pitching: RHP Marcus Jackson
|
|
|
Batting: RHB Leo Gutierrez
|
0-0: Called Strike 0-1: Ball 1-1: Ball 2-1: Foul Ball, location: 2F 2-2: Foul Ball, location: 2F 2-2: Ball 3-2: Base on Balls Adam Jacobs to second
|
|
Batting: RHB Gabe Almazan
|
0-0: Ball 1-0: Fielders Choice at 2nd, 6-4 (Groundball, 56, EV 94.4 MPH)
|
| Bottom of the 7th over - 0 runs, 1 hit, 0 errors, 2 left on base; Cincinnati (NYP) 3 - Auburn 4 |
| TOP OF THE 8TH |
|
Cincinnati (NYP) Reds batting - Pitching for Auburn Doubledays : LHP Gregg Huddleston
|
|
Batting: RHB Pat McCoy
|
0-0: Ground out 6-3 (Groundball, 6, EV 85.6 MPH)
|
|
Batting: RHB Jonathan Robies
|
0-0: Called Strike 0-1: Swinging Strike 0-2: Ball 1-2: Ground out 4-3 (Groundball, 34, EV 87.5 MPH)
|
|
Pinch Hitting: RHB D.J. McManigle
|
0-0: Ball 1-0: Fly out, F8 (Line Drive, 8LD, EV 100.6 MPH)
|
| Top of the 8th over - 0 runs, 0 hits, 0 errors, 0 left on base; Cincinnati (NYP) 3 - Auburn 4 |
| BOTTOM OF THE 8TH |
|
Auburn Doubledays batting - Pitching for Cincinnati (NYP) Reds : RHP Marcus Jackson
|
|
Now at 3B: Rongo Olopoto
|
|
|
Batting: RHB Deshawn Boseman
|
0-0: Ground out 6-3 (Groundball, 6S, EV 67.5 MPH)
|
|
Batting: RHB Antonio Vallez
|
0-0: Swinging Strike 0-1: Ball 1-1: Foul Ball, location: 2F 1-2: Strikes out looking
|
|
Batting: SHB Curtis DeLille
|
0-0: Foul Ball, location: 2F 0-1: Ball 1-1: Swinging Strike 1-2: Strikes out swinging
|
| Bottom of the 8th over - 0 runs, 0 hits, 0 errors, 0 left on base; Cincinnati (NYP) 3 - Auburn 4 |
| TOP OF THE 9TH |
|
Cincinnati (NYP) Reds batting - Pitching for Auburn Doubledays : LHP Gregg Huddleston
|
|
Pitching: RHP Chris Mosley
|
|
|
Batting: SHB Jaivata Mohanty
|
0-0: Called Strike 0-1: Ball 1-1: Foul Ball, location: 2F 1-2: Strikes out looking
|
|
Pinch Hitting: LHB Chris Redhead
|
0-0: Ball 1-0: Ball 2-0: SINGLE (Flyball, 8RS, EV 95.0 MPH)
|
|
Batting: RHB Kevin Larsen
|
0-0: Called Strike 0-1: Ball 1-1: Swinging Strike 1-2: Strikes out looking
|
|
Pinch Hitting: RHB Pat Grover
|
0-0: Ball 1-0: Foul Ball, location: 2F 1-1: Ball 2-1: Ball 3-1: Called Strike 3-2: Strikes out looking
|
| Top of the 9th over - 0 runs, 1 hit, 0 errors, 1 left on base; Cincinnati (NYP) 3 - Auburn 4 |
|